 Dungeon Crawl Stone Soup version 0.30-a0-279-g4b46babb21 (webtiles) character file.

Game seed: 886190758856732900

13 koil the Sneak (level 2, 0/13 HPs)
             Began as a Spriggan Enchanter on Oct 17, 2022.
             Frozen to death by an endoplasm (4 damage)
             ... on level 1 of the Dungeon.
             The game lasted 00:01:05 (287 turns).

koil the Sneak (Spriggan Enchanter)                  Turns: 287, Time: 00:01:06

Health: 0/13       AC:  2    Str:  4    XL:     2   Next: 24%
Magic:  1/6        EV: 17    Int: 16    God:
Gold:   19         SH:  0    Dex: 15    Spells: 4/6 levels left

rFire   . . .      SeeInvis +    a - +1 dagger
rCold   . . .      Faith    .    (no shield)
rNeg    . . .      Spirit   .    b - +0 robe
rPois   .          Reflect  .    (helmet restricted)
rElec   .          Harm     .    (no cloak)
rCorr   .          Rampage  .    (gloves unavailable)
Will    .....                    (boots unavailable)
Stlth   +++.......               (no amulet)
HPRegen 0.22/turn                (no ring)
MPRegen 0.10/turn                (no ring)

@: very quick
A: very small, no large weapons, unfitting armour, see invisible, speed 3
a: no special abilities


You were on level 1 of the Dungeon.
You visited 1 branch of the dungeon, and saw 1 of its levels.

You collected 19 gold pieces.

Inventory:

Hand Weapons
 a - a +1 dagger (weapon)
Missiles
 i - 4 poisoned darts (quivered)
Armour
 b - a +0 robe (worn)
Scrolls
 d - a scroll of poison {unknown}
 f - a scroll of identify {unknown}
Potions
 c - 2 potions of invisibility
 e - a potion of might {unknown}
 g - a potion of cancellation {unknown}
 h - a potion of degeneration {unknown}


   Skills:
 + Level 0.3 Fighting
 + Level 1.4 Short Blades
 + Level 3.0 Dodging
 + Level 4.7 Stealth
 + Level 2.8 Spellcasting
 + Level 3.7 Hexes


You had 4 spell levels left.
You knew the following spells:

 Your Spells              Type           Power      Damage    Failure   Level
a - Ensorcelled Hibernat  Hex/Ice        16%        N/A       13%         2

Your spell library contained the following spells:

 Spells                   Type           Power      Damage    Failure   Level
 Confusing Touch          Hex            14%        N/A       12%         3
 Tukima's Dance           Hex            14%        N/A       12%         3
 Dazzling Flash           Conj/Hex       16%        N/A       26%         3


Dungeon Overview and Level Annotations

Branches:
Dungeon (1/15)

Altars:


Innate Abilities, Weirdness & Mutations

You are very small and have problems with some larger weapons.
You are too small for most types of armour.
You have supernaturally acute eyesight. (SInv)
You cover ground extremely quickly. (Speed+++)


Message History

The quokka bites you.
You hit the quokka but do no damage.
The quokka is almost dead.
The quokka barely misses you.
You hit the quokka.
You kill the quokka!
Your Dodging skill increases to level 3!
You hit the kobold.
The kobold is heavily wounded.
The kobold barely misses you.
You hit the kobold. Your punch misses the kobold.
The kobold is severely wounded.
The kobold misses you.
You miss the kobold.
The kobold is heavily wounded.
The kobold barely misses you.
You closely miss the kobold.
The kobold is heavily wounded.
The kobold closely misses you.
You closely miss the kobold.
The kobold is heavily wounded.
The kobold hits you with a +0 dagger.
The endoplasm jiggles.
You closely miss the kobold.
The kobold is heavily wounded.
The kobold misses you.
You hit the kobold.
You kill the kobold!
The endoplasm completely misses you.
Items here: ( ) ††.
You hit the endoplasm.
The endoplasm is moderately wounded.
The endoplasm freezes you.
You are frozen.
* * * LOW HITPOINT WARNING * * *
You hit the endoplasm.
The endoplasm is almost dead.
The endoplasm freezes you.
You are frozen.
You die...

#####.# ## ..#...#.# #.
#.#.#.#.# #. #.#.#.#.# #.##
#.#.#.#.# ..# #.#.#.#.# #.# ..
#.#.....# #.###....
###.###.###########........
................@J.........
.....##......#######..#######.##
.....######.## ....####...##
...>...# #.# #.....#..~..#
...###.####.# #8..~..).~...
.........##.##### ##...~..~~~..
.........##.#...# ##.....~~~~~~~
.........[..#...# #....~~~~...~~
###########.#...# #..~~~~~..<..~


You could see an endoplasm.

Vanquished Creatures
  A dart slug (D:1)
  A hobgoblin (D:1)
  2 jackals (D:1)
  A quokka (D:1)
  2 ball pythons (D:1)
  A bat (D:1)
  2 kobolds (D:1)
  A rat (D:1)
11 creatures vanquished.

Notes
Turn   | Place    | Note
-------+----------+-------------------------------------------
     0 | D:1      | koil the Spriggan Enchanter began the quest for the Orb.
     0 | D:1      | Reached XP level 1. HP: 9/9 MP: 5/5
   111 | D:1      | Reached XP level 2. HP: 13/13 MP: 6/6
   114 | D:1      | Learned a level 2 spell: Ensorcelled Hibernation
   287 | D:1      | Frozen to death by an endoplasm

Illustrated notes

Levels and vault maps discovered:
D:1:      eino_arrival_water_star, layout_basic, amethyst_killhole

Skill      XL: |  1  2 |
---------------+-------+-----
Dodging        | 3 |  3.0
Fighting       | |  0.3
Short Blades   | |  1.4
Stealth        | |  4.7
Spellcasting   | |  2.8
Hexes          | |  3.7

Action                   || total
-------------------------++-------
Melee: Dagger            ||    61
 Cast: Ensorcelled Hiber ||     3
 Stab: Sleeping          ||     2
Armor: Robe              ||     7
Dodge: Dodged            ||    60

Table legend: (Time is in decaauts)
 A = Elapsed time spent in this place.
 B = Non-inter-level travel time spent in this place.
 C = Inter-level travel time spent in this place.
 D = Time resting spent in this place.
 E = Time spent auto-exploring this place.
 F = Levels seen in this place.
 G = Mean time per level.
                   A        B        C        D        E       F      G
               +--------+--------+--------+--------+--------+-----+--------+
         Total |    217 |    217 |      0 |      0 |    107 |   1 |  217.0 |
       Dungeon |    217 |    217 |      0 |      0 |    107 |   1 |  217.0 |
               +--------+--------+--------+--------+--------+-----+--------+

Top non-repeatable levels by time:
     D:1: 217 daAuts
